 Dungeon Crawl Stone Soup version 0.21.1-1-g345015f (webtiles) character file.

1575 shakethe the Chiller (level 8, -7/62 HPs)
             Began as a Demonspawn Ice Elementalist on Feb 19, 2018.
             Mangled by a vampire (12 damage)
             ... on level 10 of the Dungeon.
             The game lasted 00:32:40 (9249 turns).

shakethe the Chiller (Demonspawn Ice Elementalist)  Turns: 9249, Time: 00:32:41

Health: -7/62      AC: 12    Str:  8    XL:     8   Next: 60%
Magic:  4/16       EV: 14    Int: 19    God:
Gold:   363        SH:  0    Dex: 14    Spells: 3/17 levels left

rFire    . . .     SeeInvis .   h - +1 dagger (venom)
rCold    . . .     Gourm    .   (no shield)
rNeg     . . .     Faith    .   a - +0 robe
rPois    .         Spirit   .   s - +0 helmet
rElec    .         Reflect  .   B - +0 cloak
rCorr    .         Harm     .   (no gloves)
MR       .....     Rnd*Tele +   t - +1 pair of boots
Stlth    +.........             E - amulet of regeneration {+regen, !d}
HPRegen  0.60/turn              p - +2 ring of evasion
MPRegen  0.15/turn              D - ring of teleportation (curse) {+/*tele, !d}

@: confused, sanguine armour, very slightly contaminated
A: foul stench 1, spiny 1, rot immunity, sanguine armour 1
a: no special abilities


You were on level 10 of the Dungeon.
You were hungry.

You visited 1 branch of the dungeon, and saw 8 of its levels.

You collected 363 gold pieces.

Inventory:

Hand Weapons
 h - a +1 dagger of venom (weapon)
   (You took it off a kobold on level 1 of the Dungeon)
Armour
 a - a +0 robe (worn)
 k - a +0 buckler
   (You found it on level 2 of the Dungeon)
 s - a +0 helmet (worn)
   (You took it off Robin on level 1 of the Dungeon)
 t - a +1 pair of boots (worn)
   (You found it on level 2 of the Dungeon)
 B - a +0 cloak (worn)
   (You took it off Crazy Yiuf on level 4 of the Dungeon)
Magical Staves
 y - an uncursed staff of conjuration {!a}
   (You found it on level 3 of the Dungeon)
Jewellery
 j - an uncursed ring of magical power {unknown}
   (You found it on level 6 of the Dungeon)
 p - a +2 ring of evasion (left hand)
   (You found it on level 1 of the Dungeon)
 A - an uncursed ring of protection from fire {rF+, !d}
   (You found it on level 4 of the Dungeon)
 D - a cursed ring of teleportation (right hand) {+/*tele, !d}
   (You found it on level 6 of the Dungeon)
 E - an amulet of regeneration (around neck) {+regen, !d}
   (You found it on level 5 of the Dungeon)
Wands
 r - a wand of random effects (21)
   (You found it on level 4 of the Dungeon)
 z - a wand of acid (11)
   (You found it on level 4 of the Dungeon)
Scrolls
 f - a scroll of blinking {!r}
 n - a scroll of enchant weapon
 q - 2 scrolls of amnesia
 u - 2 scrolls of enchant armour
Potions
 d - 2 potions of magic
 e - 2 potions of curing {unknown}
 i - a potion of berserk rage {unknown}
 l - 2 potions of agility
 m - a potion of cancellation
 o - a potion of mutation {unknown}
 v - 3 potions of flight
 w - a potion of heal wounds
 x - 2 potions of degeneration {unknown}
 F - a potion of lignification {unknown}
Books
 b - a book of Frost
Comestibles
 c - 6 rations


   Skills:
 + Level 5.2 Fighting
 - Level 1.7 Dodging
 - Level 1.7 Stealth
 + Level 5.3 Spellcasting
 + Level 3.8 Conjurations
 - Level 3.0 Charms
 + Level 5.6 Ice Magic


You had 3 spell levels left.
You knew the following spells:

 Your Spells              Type           Power        Failure   Level  Hunger
a - Freeze                Ice            ####         1%          1    None
b - Throw Icicle          Conj/Ice       ###.....     17%         4    ####...
c - Ozocubu's Armour      Chrm/Ice       ###.....     6%          3    ##.....
d - Summon Ice Beast      Ice/Summ       ###.....     36%         4    ####...
x - Throw Frost           Conj/Ice       ###...       2%          2    None


Dungeon Overview and Level Annotations

Branches:
Dungeon (10/15)
 Temple: D:4-7         Lair: D:8-11         Orc: D:9-12

Altars:
Ashenzari
Cheibriados
Elyvilon
Makhleb
Xom
The Shining One

Annotations:
D:9 Vesto's ghost, novice DrCj


Innate Abilities, Weirdness & Mutations

You may emit foul miasma when damaged in melee.
You are partially covered in sharp spines.
You are immune to rotting.
When seriously injured, your bleeding wounds create armour. (AC +6)


Message History

The ice beast completely resists.
You barely miss the ice beast.
Your ice beast completely misses the ice beast.
The ice beast is struck by your spines. The ice beast hits you.
The ice beast freezes you.
You take 9 damage, and have 47/62 hp.
You hit the ice beast but do no damage. The ice beast is struck by your spines.
The ice beast misses you.
Your ice beast hits the ice beast but does no damage.
You hit the ice beast but do no damage.
Your ice beast hits the ice beast.
Your ice beast freezes the ice beast.
The ice beast completely resists.
The ice beast hits your ice beast. The ice beast freezes your ice beast.
Your ice beast completely resists.
You hit the ice beast but do no damage. The ice beast barely misses you.
Your ice beast hits the ice beast but does no damage.
You hit the ice beast.
You kill the ice beast!
You swap places.
You swap places.
What are your orders? t - Shout!
Orders for allies: a - Attack new target. r - Retreat! s - Stop attacking. g - Guard the area. f - Follow me.
Anything else - Cancel.
Okay, then.
You swap places.
There is a stone staircase leading up here.
You start resting.
Your ice beast disappears in a puff of smoke!
Your icy armour starts to melt.
Health restored: 62 You regained 3 mp, and now have 7/16 mp.
You start resting.
Your icy armour evaporates.
You start resting.
Your magical contamination has completely faded away.
You regained 4 mp, and now have 11/16 mp.
You start resting.
MP restored: 16 You start waiting.
Done waiting.
A vampire comes into view.
Found a stone staircase leading up.
You miscast Summon Ice Beast.
You are very lightly contaminated with residual magic.
Nothing appears to happen.
You now have 12/16 mp.
You miscast Summon Ice Beast.
A fistful of eyes flickers past your view.
You now have 8/16 mp.
You miscast Summon Ice Beast.
You feel a strange surge of energy!
You now have 4/16 mp.
You miscast Summon Ice Beast.
You are covered in a thin layer of ice.
The vampire gestures at you while chanting.
You are confused.
You now have 0/16 mp.
You are feeling hungry.
The vampire gestures wildly while chanting.
The vampire flickers and vanishes!
Deactivating autopickup; reactivate with Ctrl-A.
Something hits you but does no damage. Something barely misses you.
You feel less confused. Something closely misses you.
Something bites you but does no damage.
You closely miss something. Something hits you. Something bites you.
Something draws strength from your injuries!
You take 6 damage, and have 56/62 hp.
You hit something but do no damage. Something hits you!
You emit a cloud of foul miasma!
Something bites you!
Something draws strength from your injuries!
You take 14 damage, and have 42/62 hp.
MASSIVE DAMAGE!!
You hit something. Something hits you!
Your blood congeals into armour.
Something bites you!
Something draws strength from your injuries!
You take 19 damage, and have 23/62 hp.
MASSIVE DAMAGE!!
Something barely misses you. Something bites you but does no damage.
Something barely misses you. Something bites you.
Something draws strength from your injuries!
You take 2 damage, and have 21/62 hp.
You hear some strange, mumbled words.
You are confused.
You're too confused to cast spells.
You bump into the rock wall.
Something hits you but does no damage. Something bites you!
* * * LOW HITPOINT WARNING * * *
Something draws strength from your injuries!
You take 9 damage, and have 13/62 hp.
You bump into the rock wall.
Something hits you.
* * * LOW HITPOINT WARNING * * *
Something bites you!
* * * LOW HITPOINT WARNING * * *
Something draws strength from your injuries!
You take 9 damage, and have 4/62 hp.
There is a stone staircase leading up here.
Something hits you but does no damage. Something bites you!
You die...

#.# #.# #.# #.# #.#######
#........
###########.#############
..........<..........<...
....(.....@..............
###################......
...### ..# ..# .# ..


There were no monsters in sight!

Vanquished Creatures
  The ghost of wotfoxis the Caller, an amateur DESu of Vehumet (D:6)
  An ice beast (D:10)
  A sky beast (D:6)
  2 ogres (D:4)
  A necrophage (D:6)
  A centaur (D:5)
  A bullfrog (D:6)
  A wyvern zombie (D:6)
  A scorpion (D:5)
  2 crimson imps
  4 hounds
  A centaur skeleton (D:5)
  Crazy Yiuf (D:4)
  Jessica (D:3)
  An iguana (D:6)
  2 orc wizards
  4 worker ants
  Terence (D:3)
  Robin (D:1)
  4 gnolls (D:1)
  6 adders
  A shadow imp (D:6)
  An ooze (D:1)
  5 worms
  4 dart slugs
  3 leopard geckos
  15 orcs
  A giant cockroach (D:4)
  10 hobgoblins
  13 jackals
  2 ball pythons
  8 bats
  3 frilled lizards
  A giant cockroach zombie (D:6)
  13 goblins
  8 kobolds
  A leopard gecko skeleton (D:6)
  A quokka skeleton (D:4)
  A quokka zombie (D:6)
  3 rats
132 creatures vanquished.

Vanquished Creatures (collateral kills)
  A phantom (D:5)
1 creature vanquished.

Grand Total: 133 creatures vanquished

Notes
Turn   | Place    | Note
-------+----------+-------------------------------------------
     0 | D:1      | shakethe the Demonspawn Ice Elementalist began the quest for the Orb.
     0 | D:1      | Reached XP level 1. HP: 13/13 MP: 3/3
   311 | D:1      | HP: 2/14 [kobold/short sword (3)]
   631 | D:1      | Gained mutation: When seriously injured, your bleeding wounds create armour. (AC +6) [demonic ancestry]
   631 | D:1      | Reached XP level 2. HP: 18/20 MP: 1/5
   644 | D:1      | Learned a level 2 spell: Throw Frost
   866 | D:1      | Reached skill level 1 in Fighting
   920 | D:1      | Reached skill level 3 in Ice Magic
  1515 | D:2      | Reached XP level 3. HP: 26/26 MP: 0/6
  1682 | D:2      | Noticed Robin
  1742 | D:1      | Killed Robin
  2155 | D:1      | Reached XP level 4. HP: 33/33 MP: 0/8
  2339 | D:1      | Learned a level 3 spell: Ozocubu's Armour
  2346 | D:1      | HP: 5/33 [gnoll/spear (10)]
  2355 | D:1      | Reached skill level 2 in Fighting
  2636 | D:2      | Reached skill level 3 in Spellcasting
  3142 | D:3      | Found a snail-covered altar of Cheibriados.
  3148 | D:3      | Gained mutation: You are immune to rotting. [demonic ancestry]
  3148 | D:3      | Reached XP level 5. HP: 38/38 MP: 4/9
  3331 | D:3      | Noticed Terence
  3350 | D:3      | Killed Terence
  3350 | D:3      | Reached skill level 1 in Charms
  3655 | D:3      | Noticed Jessica
  3658 | D:3      | Killed Jessica
  3793 | D:3      | HP: 9/39 [worm (7)]
  4163 | D:3      | Found a burning altar of Makhleb.
  4371 | D:4      | Noticed an ogre
  4461 | D:3      | Learned a level 4 spell: Throw Icicle
  4476 | D:4      | Killed an ogre
  4476 | D:4      | Reached skill level 3 in Fighting
  4476 | D:4      | Reached skill level 4 in Ice Magic
  4476 | D:4      | Gained mutation: You may emit foul miasma when damaged in melee. [demonic ancestry]
  4476 | D:4      | Reached XP level 6. HP: 30/47 MP: 0/11
  4634 | D:4      | Found a runed door.
  4684 | D:4      | Reached skill level 2 in Charms
  5140 | D:4      | Reached XP level 7. HP: 40/52 MP: 4/12
  5191 | D:4      | Reached skill level 4 in Spellcasting
  5569 | D:4      | Noticed Crazy Yiuf
  5574 | D:4      | Killed Crazy Yiuf
  5702 | D:5      | Entered Level 5 of the Dungeon
  6170 | D:5      | Reached skill level 4 in Fighting
  6170 | D:5      | Reached skill level 3 in Charms
  6784 | D:4      | Learned a level 4 spell: Summon Ice Beast
  7018 | D:5      | Reached skill level 2 in Conjurations
  7316 | D:5      | Reached skill level 5 in Ice Magic
  7730 | D:6      | Gained mutation: You are partially covered in sharp spines. [demonic ancestry]
  7730 | D:6      | Reached XP level 8. HP: 22/61 MP: 10/15
  7929 | D:6      | Noticed wotfoxis's ghost (amateur DESu)
  8072 | D:6      | Killed wotfoxis's ghost
  8072 | D:6      | Reached skill level 3 in Conjurations
  8182 | D:6      | Reached skill level 5 in Spellcasting
  8207 | D:6      | Reached skill level 5 in Fighting
  8676 | D:6      | Found a shattered altar of Ashenzari.
  8677 | D:6      | Found a glowing golden altar of the Shining One.
  8679 | D:6      | Found a white marble altar of Elyvilon.
  8681 | D:6      | Found a shimmering altar of Xom.
  8848 | D:6      | You fall through a shaft for 3 floors!
  8861 | D:9      | Noticed Vesto's ghost (novice DrCj)
  8894 | D:9      | HP: 15/62 [Vesto's ghost/spray of energy (23)]
  8898 | D:10     | Entered Level 10 of the Dungeon
  9246 | D:10     | HP: 13/62 [something (9)]
  9247 | D:10     | HP: 4/62 [something (7)]
  9249 | D:10     | Mangled by a vampire

Skill      XL: |  1  2  3  4  5  6  7  8 |
---------------+-------------------------+-----
Fighting       | 1 2 3 4 5 |  5.2
Ice Magic      | 3 4 5 |  5.6
Spellcasting   | 3 4 5 |  5.3
Charms         | 1 2 3 |  3.0
Conjurations   | 2 3 |  3.8
Dodging        | |  1.7
Stealth        | |  1.7

Action                   |  1- 3 |  4- 6 |  7- 9 || total
-------------------------+-------+-------+-------++-------
Melee: Unarmed           |    11 |       |       ||    11
       Short sword       |     3 |       |       ||     3
       Dagger            |    26 |    56 |   227 ||   309
       Staff             |       |    31 |    25 ||    56
 Cast: Freeze            |    34 |    49 |    44 ||   127
       Throw Frost       |    23 |    53 |    44 ||   120
       Ozocubu's Armour  |       |     4 |    13 ||    17
       Summon Ice Beast  |       |       |     3 ||     3
       Throw Icicle      |       |       |     1 ||     1
  Use: Scroll            |       |    10 |     3 ||    13
       Potion            |       |     3 |     1 ||     4
  Eat: Chunk             |     6 |    12 |     9 ||    27
       Ration            |       |       |     2 ||     2
Armor: Robe              |    16 |    33 |    96 ||   145
Dodge: Dodged            |    59 |   111 |   187 ||   357

Vault maps used:
D:1:      saegor_arrival_simple_b, dk_noncrumbling_3
D:2:      uniq_robin
D:3:      cheibriados_altar_1, makhleb_blood_cavern_becter, uniq_jessica,
          uniq_terence
D:4:      minmay_door_path, uniq_crazy_yiuf_cottage
D:5:      first_ration, kennysheep_small_circle
D:6:      kennysheep_mini_moat, minitemple
D:9:      marbit_many_paths
D:10:     minmay_orc_entry_temple_small, uniq_urug

Table legend:
 A = Turns spent in this place as a percentage of turns spent in the entire game.
 B = Non-inter-level travel turns spent in this place as a percentage of non-inter-level travel turns spent in the entire game.
 C = Inter-level travel turns spent in this place as a percentage of turns spent in this place.
 D = Turns resting spent in this place as a percentage of non-inter-level travel turns spent in this place.
 E = Turns spent auto-exploring this place as a percentage of non-inter-level travel turns spent in this place.
 F = Non-inter-level travel turns spent in this place divided by the number of levels of this place that you've seen.
                   A       B       C       D       E      F
               +-------+-------+-------+-------+-------+----------------------
         Total | 100.0 | 100.0 |   0.7 |  43.4 |  30.0 | 1148.5
       Dungeon | 100.0 | 100.0 |   0.7 |  43.4 |  30.0 | 1148.5
               +-------+-------+-------+-------+-------+----------------------

Table legend:
 A = Kills in this place as a percentage of kills in entire the game.
 B = Kills by you in this place as a percentage of kills by you in the entire game.
 C = Kills by friends in this place as a percentage of kills by friends in the entire game.
 D = Other kills in this place as a percentage of other kills in the entire game.
 E = Experience gained in this place as a percentage of experience gained in the entire game.
 F = Experience gained in this place divided by the number of levels of this place that you have seen.
                   A       B       C       D       E      F
               +-------+-------+-------+-------+-------+----------------------
         Total | 100.0 | 100.0 | 100.0 |   N/A | 100.0 | 281.2
       Dungeon | 100.0 | 100.0 | 100.0 |   N/A | 100.0 | 281.2
               +-------+-------+-------+-------+-------+----------------------
